Map: Disco Bloodbath LE

Players

Serral - Winner!

  • Race: Zerg Zerg
  • Spawn Location: 9:00

soO

  • Race: Zerg Zerg
  • Spawn Location: 3:00

Event: 2019 WCS Global FInals

VOD

Have the link to the VOD?

Description

Time

  • Played on: Nov. 1, 2019, 3:15 p.m.
  • Length: 19:43

All games in this series

Show
View Real Time Build Order
Export as new Build Order

Serral Zerg - Winner!

Build Orders: Hatch First, Lurkers, Roach Hydra 

Get SALT Encoding   

  12  0:00  Drone  
  13  0:12  Overlord  
  13  0:16  Drone  
  14  0:30  Drone x2  
  16  0:47  Hatchery  
  15  0:50  Drone  
  15  0:54  Drone  
  17  0:57  Drone  
  18  1:07  Extractor  
  17  1:12  Spawning Pool  
  17  1:15  Drone  
  18  1:18  Drone  
  18  1:27  Drone  
  19  1:38  Drone  
  20  1:49  Drone  
  21  1:59  Overlord, Queen x2  
  21  2:00  Zergling x2  
  26  2:07  Metabolic Boost  
  26  2:13  Drone x2  
  28  2:21  Drone  
  28  2:22  Drone  
  30  2:35  Hatchery, Zergling x2  
  30  2:44  Drone  
  30  2:45  Drone  
  30  2:46  Evolution Chamber  
  30  2:50  Overlord  
  31  2:56  Drone x2  
  33  3:04  Drone x2  
  35  3:11  Zergling x6  
  38  3:12  Zerg Missile Weapons Level 1  
  38  3:13  Drone  
  38  3:19  Overlord  
  39  3:21  Drone x2  
  39  3:23  Drone  
  42  3:32  Roach Warren  
  41  3:35  Drone x2  
  41  3:40  Overlord  
  41  3:41  Zergling x2  
  44  3:42  Drone  
  44  3:44  Drone  
  46  3:49  Queen  
  46  3:51  Drone  
  46  3:52  Drone  
  46  3:54  Drone  
  51  4:02  Lair  
  51  4:03  Drone, Extractor x2  
  51  4:05  Drone x2  
  51  4:09  Drone  
  54  4:10  Drone  
  54  4:13  Drone  
  54  4:14  Drone  
  54  4:15  Drone  
  54  4:16  Overlord  
  57  4:22  Roach x2  
  61  4:31  Overlord  
  65  4:36  Queen  
  66  4:38  Queen  
  66  4:40  Drone x4  
  66  4:45  Roach  
  72  4:46  Zergling x2  
  72  4:49  Overlord  
  72  4:50  Drone x2  
  72  4:51  Drone  
  74  4:57  Drone x3  
  77  5:01  Glial Reconstitution  
  77  5:05  Zergling x4  
  77  5:06  Overseer  
  79  5:08  Zerg Missile Weapons Level 2  
  79  5:10  Drone x2  
  81  5:14  Spore Crawler  
  81  5:19  Queen  
  84  5:23  Queen  
  84  5:28  Overseer, Pneumatized Carapace  
  84  5:29  Overlord  
  84  5:30  Drone x3  
  84  5:34  Spore Crawler  
  84  5:35  Spore Crawler, Extractor  
  85  5:38  Overlord x2  
  85  5:40  Overlord  
  84  5:43  Overlord  
  84  5:50  Extractor  
  84  5:56  Spore Crawler  
  81  5:58  Drone x3  
  81  5:59  Roach  
  81  6:00  Roach x5  
  81  6:02  Overlord  
  96  6:07  Overlord  
  96  6:09  Roach x2  
  99  6:14  Overlord  
  99  6:19  Overlord  
  99  6:20  Overseer  
  99  6:27  Drone x5  
  99  6:31  Hydralisk Den  
  103  6:33  Overlord  
  103  6:34  Spore Crawler, Drone x4  
  103  6:38  Drone  
  103  6:39  Infestation Pit  
  106  6:40  Drone  
  106  6:42  Extractor  
  106  6:43  Drone x2  
  106  6:46  Drone x2  
  110  6:54  Drone  
  110  6:55  Overlord x2  
  111  7:06  Drone  
  112  7:08  Lurker Den  
  112  7:10  Roach  
  112  7:11  Roach x7  
  112  7:14  Ravager  
  112  7:15  Ravager x3  
  131  7:19  Hive  
  130  7:25  Grooved Spines  
  129  7:30  Roach  
  129  7:31  Overseer, Roach x6  
  129  7:33  Overlord  
  143  7:42  Overlord  
  143  7:46  Overlord  
  143  7:50  Hydralisk x4  
  149  7:57  Hydralisk x2  
  153  8:07  Roach x8  
  169  8:14  Overlord x2  
  169  8:18  Ravager x2  
  171  8:24  Roach x5  
  176  8:30  Roach x4  
  176  8:31  Roach x2  
  183  8:34  Lurker  
  184  8:42  Overseer  
  184  8:43  Lurker  
  184  8:45  Lurker  
  186  8:48  Spore Crawler  
  186  8:51  Hatchery  
  184  8:59  Muscular Augments  
  184  9:03  Zerg Missile Weapons Level 3  
  184  9:09  Hydralisk x2  
  188  9:17  Overlord x2  
  188  9:18  Adaptive Talons  
  188  9:20  Evolution Chamber  
  188  9:22  Hydralisk  
  189  9:24  Extractor  
  189  9:25  Overlord  
  189  9:27  Spore Crawler  
  189  9:29  Extractor  
  186  9:43  Nydus Network  
  185  9:47  Hydralisk x5  
  185  9:50  Overseer  
  195  10:00  Zerg Ground Armor Level 1  
  195  10:02  Overlord x2  
  195  10:03  Overseer x2  
  195  10:07  Overseer  
  195  10:11  Drone x2  
  195  10:12  Drone  
  198  10:16  Spine Crawler  
  198  10:18  Drone x2  
  198  10:19  Spine Crawler  
  200  10:21  Lurker x2  
  200  10:23  Spore Crawler  
  199  10:33  Lurker  
  200  10:47  Burrow  
  200  10:50  Nydus Canal  
  198  11:13  Hydralisk x2  
  198  11:16  Nydus Canal  
  200  11:23  Hydralisk x2  
  196  11:25  Hydralisk  
  196  11:26  Hydralisk  
  196  11:27  Hydralisk  
  196  11:28  Hydralisk  
  196  11:30  Hatchery  
  196  11:31  Hydralisk x2  
  175  11:33  Hydralisk x6  
  175  11:35  Hydralisk x3  
  178  11:42  Hydralisk x4  
  178  11:44  Hydralisk  
  166  11:49  Hydralisk x2  
  166  11:52  Lurker x4  
  166  11:53  Roach x3  
  160  11:58  Roach x5  
  160  12:01  Roach x2  
  150  12:04  Roach x3  
  150  12:05  Overseer  
  144  12:11  Roach x4  
  144  12:12  Roach x2  
  144  12:13  Roach  
  144  12:15  Roach x2  
  155  12:17  Roach  
  155  12:19  Roach  
  155  12:22  Roach  
  143  12:28  Roach x3  
  140  12:31  Roach  
  140  12:34  Roach  
  140  12:37  Roach  
  140  12:38  Roach  
  140  12:42  Roach  
  138  12:47  Drone x3  
  141  12:51  Swarm Host  
  141  12:52  Drone x3  
  141  12:55  Lurker x2  
  143  13:04  Roach x3  
  129  13:09  Hydralisk x2  
  129  13:18  Drone  
  129  13:19  Drone x5  
  135  13:31  Lurker x2  
  135  13:34  Drone x7  
  139  13:40  Hydralisk x2  
  148  13:51  Hydralisk x3  
  154  13:59  Hydralisk x3  
  154  14:02  Nydus Canal  
  157  14:06  Lurker  
  157  14:07  Spore Crawler  
  157  14:19  Zerg Ground Armor Level 2  
  157  14:21  Overseer  
  157  14:23  Lurker x2  
  159  14:25  Drone x2, Extractor  
  159  14:26  Viper x3, Drone, Extractor  
  159  14:29  Drone x3  
  172  14:36  Viper  
  169  14:48  Viper  
  172  14:57  Tunneling Claws  
  172  15:00  Hydralisk x7  
  186  15:08  Hydralisk x4  
  181  15:23  Hydralisk x7  
  182  15:48  Overlord x2  
  182  15:49  Hydralisk x3, Hatchery  
  180  15:55  Lurker  
  180  15:56  Lurker  
  174  15:57  Nydus Canal  
  164  16:21  Hatchery  
  163  16:26  Drone  
  163  16:28  Drone x3, Extractor  
  163  16:29  Drone x3  
  169  16:37  Lurker x4  
  173  16:43  Nydus Canal  
  172  16:53  Hydralisk  
  157  16:54  Roach  
  157  16:55  Roach x3  
  157  16:56  Roach x4  
  144  17:13  Viper x4  
  147  17:24  Hydralisk  
  147  17:25  Hydralisk x2  
  132  17:38  Hydralisk x3  
  136  17:50  Lurker  
  137  17:53  Lurker x2  
  137  17:57  Overseer  
  139  18:02  Hatchery  
  139  18:03  Roach  
  139  18:04  Hydralisk x2, Roach  
  142  18:13  Hydralisk x2  
  142  18:16  Hydralisk  
  142  18:19  Hydralisk  
  148  18:30  Hydralisk x2  
  150  18:39  Hydralisk  
  152  18:41  Hydralisk  
  154  18:51  Extractor x2  
  154  18:54  Drone x3  
  156  18:55  Drone  
  156  19:04  Hydralisk x2, Roach x5  
  160  19:11  Hydralisk  
  160  19:12  Hydralisk  
  160  19:15  Hydralisk  
  161  19:19  Overlord  
Show
View Real Time Build Order
Export as new Build Order

soO Zerg 

Build Orders: Hatch First, Lurkers, Roach Hydra 

Get SALT Encoding   

  12  0:00  Drone  
  13  0:12  Overlord  
  13  0:16  Drone  
  14  0:30  Drone x2  
  16  0:47  Hatchery  
  15  0:50  Drone  
  15  0:54  Drone  
  17  0:57  Drone  
  18  1:09  Extractor  
  17  1:13  Spawning Pool  
  17  1:15  Drone  
  17  1:18  Drone  
  18  1:27  Drone  
  19  1:39  Drone  
  20  1:49  Overlord  
  20  1:59  Queen  
  20  2:00  Queen  
  20  2:01  Drone, Zergling x2  
  26  2:10  Drone x2  
  28  2:20  Drone  
  30  2:22  Drone  
  30  2:32  Overlord  
  30  2:33  Drone  
  30  2:35  Queen  
  33  2:38  Lair  
  33  2:44  Drone x2  
  33  2:47  Extractor  
  34  2:53  Drone x2  
  34  2:56  Evolution Chamber  
  35  3:04  Drone  
  36  3:06  Roach Warren  
  36  3:07  Drone x3  
  36  3:09  Drone  
  36  3:11  Drone  
  40  3:15  Metabolic Boost  
  40  3:20  Drone  
  40  3:22  Drone  
  42  3:28  Drone x2  
  44  3:38  Drone, Spire  
  44  3:39  Extractor  
  44  3:40  Drone, Extractor  
  43  3:42  Drone  
  43  3:46  Overlord  
  44  3:51  Overlord  
  44  4:00  Overlord  
  44  4:03  Overlord  
  44  4:05  Drone x3  
  44  4:06  Drone  
  48  4:15  Drone  
  48  4:16  Drone  
  50  4:18  Zergling x10  
  55  4:28  Zergling x4  
  57  4:50  Mutalisk x4  
  57  4:51  Mutalisk  
  57  4:52  Hatchery  
  66  4:56  Mutalisk  
  70  5:00  Drone x2  
  70  5:04  Drone, Zerg Missile Weapons Level 1  
  70  5:06  Drone  
  72  5:12  Drone x2  
  74  5:14  Hydralisk Den  
  74  5:18  Drone  
  74  5:19  Drone x2  
  76  5:27  Overlord x2  
  76  5:29  Overlord  
  76  5:30  Overseer  
  76  5:39  Overlord  
  76  5:43  Glial Reconstitution  
  76  5:46  Drone x4  
  76  5:47  Drone x2  
  82  5:52  Drone  
  82  5:55  Lurker Den  
  82  5:56  Drone  
  83  6:03  Drone  
  84  6:07  Drone x2  
  86  6:11  Drone  
  86  6:13  Extractor  
  86  6:14  Hydralisk x4  
  94  6:19  Hydralisk x2  
  94  6:22  Drone x2  
  94  6:25  Overlord  
  100  6:29  Overlord  
  100  6:31  Overlord  
  100  6:33  Drone  
  100  6:34  Drone  
  100  6:36  Overlord, Extractor  
  100  6:38  Overseer  
  101  6:46  Drone x2  
  103  6:48  Roach x6  
  115  7:03  Zerg Missile Weapons Level 2  
  115  7:08  Overlord  
  115  7:12  Roach x5  
  125  7:27  Lurker x6  
  125  7:29  Roach x3  
  137  7:30  Drone x2  
  137  7:33  Hatchery  
  138  7:39  Roach x7  
  138  7:41  Overlord  
  152  7:45  Overlord  
  152  7:50  Roach x2  
  153  7:51  Overlord  
  153  7:56  Grooved Spines  
  153  7:57  Overlord  
  153  8:00  Overlord  
  153  8:02  Roach x2  
  153  8:03  Roach x2  
  153  8:04  Overlord  
  161  8:08  Roach x3  
  166  8:20  Roach x6  
  166  8:24  Roach  
  177  8:30  Roach  
  156  8:36  Drone x4  
  156  8:40  Drone x2  
  162  8:42  Queen  
  162  8:47  Roach, Pneumatized Carapace  
  164  8:49  Hydralisk x5  
  164  8:50  Extractor  
  164  8:51  Nydus Network  
  172  8:56  Hydralisk x2  
  172  8:59  Overlord  
  176  9:04  Ravager  
  176  9:13  Hydralisk x3, Muscular Augments  
  182  9:19  Zerg Ground Armor Level 1  
  182  9:32  Infestation Pit  
  182  9:33  Hydralisk x4  
  182  9:38  Extractor  
  188  9:39  Overseer  
  188  9:44  Nydus Canal  
  185  10:03  Overseer  
  185  10:09  Nydus Canal  
  185  10:11  Hive  
  185  10:12  Hydralisk x5  
  195  10:21  Evolution Chamber  
  194  10:30  Hatchery  
  194  10:32  Hydralisk x3  
  199  10:46  Overseer  
  199  11:06  Roach  
  199  11:08  Roach  
  199  11:09  Overseer, Roach  
  196  11:13  Roach x5  
  196  11:15  Roach  
  191  11:18  Roach  
  191  11:19  Hydralisk x2, Roach x2  
  191  11:24  Drone x2  
  191  11:26  Drone  
  191  11:28  Hydralisk x3  
  191  11:29  Hydralisk x6  
  191  11:30  Hydralisk x2  
  191  11:31  Hydralisk x3  
  194  11:33  Drone x4  
  194  11:38  Nydus Canal  
  194  11:39  Hydralisk  
  200  11:42  Hydralisk  
  198  11:47  Hydralisk  
  198  11:48  Hydralisk x4  
  198  11:49  Hydralisk  
  198  11:53  Hydralisk x3  
  198  11:55  Hydralisk x2  
  198  11:56  Nydus Canal  
  198  11:57  Hydralisk x2  
  194  12:01  Hydralisk x2  
  194  12:02  Hydralisk  
  194  12:08  Hydralisk x2  
  182  12:16  Nydus Canal  
  169  12:25  Hydralisk x2  
  169  12:28  Lair  
  166  12:31  Nydus Canal  
  132  12:44  Hatchery  
  132  12:47  Hydralisk x5  
  141  13:04  Hydralisk  
  141  13:05  Hydralisk x2  
  114  13:08  Hydralisk x3  
  114  13:12  Hydralisk  
  102  13:22  Lurker x2  
  102  13:23  Lurker  
  105  13:27  Hydralisk x2  
  105  13:32  Roach x4  
  117  13:36  Roach x2  
  117  13:37  Roach  
  117  13:38  Roach  
  125  13:44  Nydus Canal  
  125  13:45  Roach x2  
  125  13:47  Roach x2  
  133  13:49  Extractor, Roach  
  133  13:51  Roach  
  133  13:55  Roach  
  138  13:56  Drone, Roach  
  138  14:02  Nydus Canal  
  141  14:04  Roach x2  
  141  14:05  Roach  
  147  14:14  Drone x3  
  147  14:15  Hydralisk x2, Nydus Canal  
  154  14:18  Hydralisk  
  155  14:45  Hydralisk x8  
  155  14:50  Nydus Canal  
  155  14:51  Hydralisk x2  
  175  15:01  Hydralisk x2  
  165  15:08  Hydralisk x4  
  165  15:13  Hydralisk x2  
  175  15:19  Nydus Canal  
  177  15:27  Hydralisk x3  
  183  15:31  Hydralisk x2  
  187  15:41  Overseer  
  165  15:45  Hydralisk x2  
  165  15:48  Hydralisk x2  
  169  15:52  Hydralisk x2  
  169  15:55  Hydralisk x2  
  174  15:59  Roach  
  174  16:01  Overseer  
  174  16:03  Drone x2  
  167  16:09  Drone x3  
  163  16:14  Drone x2  
  165  16:20  Lurker x3  
  168  16:26  Nydus Canal  
  168  16:33  Drone x2  
  168  16:36  Hydralisk x4  
  168  16:37  Hydralisk x2  
  182  16:40  Overseer  
  182  16:46  Hydralisk  
  184  16:49  Hydralisk x2  
  184  16:52  Hydralisk  
  179  16:55  Nydus Canal  
  179  16:56  Hydralisk  
  179  16:58  Hydralisk  
  179  17:01  Hydralisk  
  156  17:15  Hydralisk x2  
  160  17:20  Hydralisk x4  
  141  17:25  Hydralisk x3  
  141  17:27  Hydralisk  
  108  17:36  Drone x3  
  103  17:40  Hydralisk x3  
  103  17:42  Drone  
  106  17:50  Hydralisk x2  
  110  18:00  Hydralisk x2  
  110  18:01  Roach  
  116  18:18  Roach  
  116  18:19  Roach x5  
  121  18:40  Hydralisk x7  
  133  18:47  Nydus Canal  
  130  18:52  Ravager x4  
  134  18:58  Lurker  
  132  19:03  Roach x2  
  132  19:04  Roach x3  
  132  19:05  Roach  
  141  19:14  Overseer  
  132  19:17  Roach x5  
Tags
 
Add a new tag
Caveats
  • Supply blocks, unpowered buildings, or Contaminate may cause inaccurate times.
  • Supply counts are checked every 10 seconds.